Tangles, neutral female sylph Healer }}}}}}}}}}}}}}}}}}}}}}}}}}}}}}}}}}}}}}}}}&}}}}}}}}}}}}}}}}}}}}}}}}}}}}}}}}} }}}}}}}}}}}}}}}}}}}}}}}}}}}}}}}}}}}}}}}}}}}}}}}}}}}}}}}E}}}}}}}}}}}}}}}}}}} }}.}}}}}..}}}}}....d.}}}}}}}}}}}}}}}}}}}}}}}}}}}}}}}}}}n}}}}....}}}.`.}}}}} }...}}.....}}}}}..d.}}}}}}}}}}}}}}}}}}}}}}}}}}}}}}}}}}}}}}}........`.``..`} }....}}}}}}}}}}...d}}}..}}}}}}}}}}}......q}}}}}}}}}}}}}}}}..}}...`.}}}...}} }....}}}}}}}}..d..}}}}..}}}}}}......f.........*}}}}}}}}}}}%}}}}..`..}}...}} }....}}}}}}}}}}}}.}}}}.}}}}}}.-----------------)}}}}}}}}}}}}}}}}}.........} }....}}}}}}}}}}}}}}}}}}.}}}...| ...)......`-...}}}}}}}}}}}}}}}}}}}....}} }.....}`}}....}}}}}}}}}.}}....--------+--------+...}}}}}}.*}}}}}}}}}}}...}} }[.....}}}}..}}}}}}}}}}}}}...`....|*.*..*.|........}}}}}....}}}}}}}}}}}}}}} }.....}}}}}}}}}}}}}}}}}}}}........|.**...*|........}}}}}.^`}}}}}}}}}.}}}}}} }.....}}}}}}}}}}}}}}}}}}}}....--------|--------....}}}}}}.}.}}}}}}}}}}}}}}} }......}}}}}}}}}}}}}}}}}}}}...|.....%.[.......|...}}}}}}}}}}}}}}}}}.}}}}}}} }...[...}}}}}}}..}}}}}}}}}}}}.-----------------.}}}}}}}}}}}}}}}}}....}}}}}} }....<...}}.}}..`.}}}}}}}}}}}}.................}}}}}..}}}}}}}}}.......}}}}} }.......}}}}}}}...(..}}}}}}}}}}}}}}.......}}}}}}}}}...u.}}}}}}...E}..}}}}}} }.....}}}}}}}}}}}....`}}}}}}}}}}}}}}}}}}}}}}.}}}}}}}..}}}}}}}}}}....}}}}}}} }}..}}}}}}}}}}}}}....}}}}}}}}}}}}}}}}}}}}}}...}}..}}}}}}}.}}.}}}}?.}}}}}}}} }}}}}}}}}}}}}}}}}}}}}}}}}}}}}}}}}}}}}}}}}}}}}}}}}}}}}}}}}}}}}}}}}}}}}}}}}}} }}}}}}}}}}}}}}}}}}}}}}}}}}}}}}}}}}}}}}}}}}}}}}}}}}}}}}}}}}}}}}}}}}}}}}}}}}} Tangles the Dresser Experience level: 12 Strength: 15 Dexterity: 18 Constitution: 17 Intelligence: 9 Wisdom: 18 Charisma: 18 Health: 94(115) Energy: 161(185) Def: 15 Gold: 0 Moves: 29000 Dungeon seed: G5JXwHooaDYvwuKn Game ID: Tangles_1470300405 Your Inventory: Amulets t - an uncursed amulet of reflection (being worn) S - the blessed Eye of the Aethiopica Weapons v - 38 rusty +0 darts (in quiver) Armor r - an uncursed +0 elven cloak (being worn) C - a blessed +5 T-shirt (being worn) Comestibles a - a blessed eucalyptus leaf f - an uncursed lizard corpse h - an uncursed carrot s - 2 uncursed fortune cookies Rings q - an uncursed ring of levitation w - an uncursed ring of free action (on left hand) B - an uncursed ring of warning Wands b - a wand of digging (0:6) e - a blessed wand of digging (0:8) j - a cursed wand of fire (0:1) k - a wand of undead turning (0:4) m - a rusty wand of teleportation (0:5) p - a wand of secret door detection (0:15) x - a rustproof wand of teleportation (0:7) A - a cursed rusty wand of teleportation (0:8) D - a wand of cold (0:3) E - a wand of sleep (0:3) G - a wand of probing (0:6) H - a wand of make invisible (0:5) L - a rusty wand of enlightenment (0:13) M - a wand of speed monster (0:8) T - a wand of striking (0:5) W - a cursed wand of digging (0:8) Tools c - an uncursed stethoscope g - an uncursed towel l - an uncursed skeleton key F - a blessed bag of holding O - an uncursed magic lamp V - a +2 unicorn horn (weapon in hands) Z - a magic marker (0:45) Gems Q - a blessed luckstone Contents of the bag of holding: an uncursed +0 mummy wrapping a blessed +1 pair of gauntlets of dexterity an uncursed +0 pair of speed boots 8 blessed eucalyptus leaves 5 uncursed eucalyptus leaves 2 uncursed lembas wafers an uncursed lizard corpse an uncursed pear an uncursed sprig of wolfsbane an uncursed tin of spinach an uncursed tripe ration a blessed scroll of blank paper 3 blessed scrolls of blank paper 2 blessed scrolls of blank paper 2 blessed scrolls of blank paper 3 blessed scrolls of blank paper a blessed scroll of blank paper 4 uncursed scrolls of blank paper 3 uncursed scrolls of blank paper 3 uncursed scrolls of blank paper an uncursed scroll of blank paper an uncursed scroll of blank paper an uncursed scroll of blank paper an uncursed scroll of blank paper an uncursed scroll of blank paper an uncursed scroll of blank paper 2 cursed scrolls of blank paper a cursed scroll of blank paper a cursed scroll of punishment 2 blessed scrolls of remove curse 6 uncursed scrolls of teleportation 4 uncursed diluted potions of extra healing a blessed diluted potion of gain energy a blessed diluted potion of healing a blessed diluted potion of speed 2 uncursed potions of gain level 6 uncursed potions of healing a cursed potion of healing 9 potions of holy water 2 uncursed potions of object detection 2 uncursed potions of speed an uncursed potion of water an uncursed ring of searching a wand of lightning (0:7) a wand of lightning (0:6) a wand of polymorph (0:7) a wand of probing (0:3) a wand of secret door detection (0:12) a wand of sleep (0:6) a wand of speed monster (0:2) a wand of striking (0:8) a wand of undead turning (0:7) a +0 pick-axe an uncursed sack a +0 unicorn horn Spells and supernatural/magical abilities: Name Level Category Fail Memory a - force bolt 1 attack 25% 66% c - cause fear 3 enchantment 100% 18% f - fireball 4 attack 100% 18% h - healing 1 healing 8% 61% m - magic missile 2 attack 40% 94% x - extra healing 3 healing 15% 65% z - sleep 1 enchantment 25% 65% E - detect food 2* divination 40% 0% K - cure sickness 3 healing 0% 55% O - create monster 2 clerical 40% 18% R - restore ability 4 healing 100% 77% S - stone to flesh 3 healing 31% 66% W - pray for help -- divine ? -- Your skills at the end: Miscellaneous Skills wands [Basic] Weapon Skills knife [Basic] dart [Basic] unicorn horn [Expert] Spellcasting Skills healing spells [Basic] Final Attributes: You were piously aligned. You were cold resistant. You were poison resistant. You were magic-protected. You saw invisible. You had infravision. You were invisible to others. You were displaced. You were stealthy. You were protected. You were protected from shape changers. You were fast. You had reflection. You had free action. You were lucky. You had extra luck. Good luck did not time out for you. You are dead. Vanquished creatures: Medusa 2 purple worms a gray dragon 5 white dragons an orange dragon a black dragon a green dragon 3 minotaurs a jabberwock a baluchitherium a stone golem 2 master mind flayers 2 Olog-hai 21 baby white dragons 3 vampire lords a captain a lich 2 water trolls a nurse 2 lurkers above a golden naga 5 ghosts 2 queen bees a mind flayer 3 giant mimics an ogre king 3 rock trolls 2 flesh golems an Elvenking a doppelganger a large mimic 3 wumpuses a long worm 4 couatls 2 stalkers 4 hill giants a black naga a xorn an elf-lord 2 wargs a winter wolf 6 small mimics an island nymph 2 glass piercers 5 xans 3 ettin mummies an ogre lord 3 quantum mechanics 3 trolls 2 wood golems a marilith a freezing sphere 2 shocking spheres a dwarf king 3 tengu 3 gelatinous cubes an ochre jelly 3 chameleons a crocodile 3 leocrottas 2 energy vortices 2 giants 2 elf mummies 2 red nagas a python 2 cobras 7 wraiths 4 ettin zombies a leather golem a soldier a succubus an incubus 6 giant beetles 18 cockatrices 5 wolves a winter wolf cub 2 lynxes 2 panthers 2 gremlins 6 leprechauns a quivering blob 2 spotted jellies 2 lizards 3 mountain nymphs an orc-captain 3 mumakil 5 giant spiders 3 scorpions 6 iron piercers 2 ice vortices 7 black lights 2 vampire bats 3 gnome kings 2 orc mummies an ogre 3 rust monsters 5 owlbears 3 yetis a gold golem 4 Green-elves 2 attendants a chickatrice a dog 2 dingos 2 jaguars 4 dwarf lords 2 blue jellies 6 water nymphs 4 white unicorns 3 black unicorns a dust vortex 2 ravens 4 gnome mummies 7 snakes 2 water moccasins 11 apes 5 human zombies a rope golem 10 Woodland-elves 6 soldier ants 5 fire ants an imp a baby crocodile 2 wood nymphs 4 Mordor orcs 16 Uruk-hai an orc shaman 3 rock moles 6 rock piercers a pony 2 fog clouds 4 yellow lights 2 shriekers 5 violet fungi 7 gnome lords 6 gnomish wizards 5 kobold mummies a golden naga hatchling 4 gray oozes a barrow wight 8 elf zombies 3 ghouls 6 straw golems a paper golem a jellyfish 13 giant ants a little dog 8 floating eyes a kitten 24 dwarves 4 homunculi 2 kobold shamans 5 iguanas 19 hill orcs 14 rothes 7 rabid rats 2 centipedes 5 giant bats 2 monkeys 3 orc zombies 6 dwarf zombies a wererat 77 killer bees 7 coyotes 2 gas spores 7 hobbits 3 acid blobs 4 large kobolds 2 geckos 3 hobgoblins 9 giant rats 14 cave spiders 2 brown molds 4 yellow molds 5 red molds 33 gnomes 18 garter snakes 13 gnome zombies 27 jackals a fox 3 kobolds 18 newts 7 goblins 6 sewer rats 9 grid bugs 16 lichens 11 kobold zombies 856 creatures vanquished. Voluntary challenges: You followed a strict vegan diet. You used a wielded weapon 2114 times, starting on turn 80. You did not apply a unicorn horn. You read items or engraved 107 times, starting on turn 1105. You never genocided any monsters. You never polymorphed an object. You changed form 1 time, starting on turn 19578. You cheated 1 time but completed Sokoban on turn 12326. You used 1 wish, starting on turn 27951. You wished for your your first artifact on turn 27951. You never split a pudding. You wrote Elbereth's name 17 times, starting on turn 1105. You never violated your personal moral code. Dungeon overview: The Dungeons of Doom: levels 1 to 29 Level 1 (BOX (w)) a long staircase Level 2 an armor shop, a fountain Level 3 an armor shop, a fountain, a sink stairs to The Gnomish Mines Level 4 Level 5 many fountains Level 6 a general store stairs to Sokoban Level 7 Level 8 (v) Level 9 Level 10 a potion shop Level 11 a temple to Hermes portal to The Quest Level 12 a fountain Level 13 (v) a fountain Level 14 an armor shop, a fountain Level 15 some fountains Level 16 a fountain Level 17 (v) Level 18 Level 19 a fountain Level 20 Level 21 Level 22 Level 23 (v) some fountains Level 24 <- You were here Level 25 Level 26 Level 27 Level 28 Level 29 The Gnomish Mines: levels 4 to 12 Level 4 stairs to The Dungeons of Doom Level 5 Level 6 Level 7 many shops, a temple to Athena, a magic chest, some fountains Level 8 Level 9 Level 10 Level 11 Level 12 a magic chest, some fountains The Quest: Level 1 an altar to Hermes, a magic chest, a throne portal to The Dungeons of Doom Sokoban: levels 2 to 5 Level 2 a magic chest Level 3 Level 4 a fountain Level 5 a magic chest stairs to The Dungeons of Doom History has recorded: On T:1 you entered the Dungeons of Doom to retrieve the Amulet of Yendor! On T:225 you reached level 2 of The Dungeons of Doom. On T:627 you reached level 3 of The Dungeons of Doom. On T:982 you reached level 1 of The Gnomish Mines. On T:998 you reached level 2 of The Gnomish Mines. On T:1026 you reached level 5 of The Gnomish Mines. On T:1031 you reached level 4 of The Gnomish Mines. On T:1147 you entered the Minetown temple On T:1155 you opened a magic chest. On T:1172 you advanced to experience level 2. On T:1186 you advanced to experience level 3. On T:1196 you opened a magic chest. On T:1198 you opened a magic chest. On T:1219 you opened a magic chest. On T:1253 you reached level 3 of The Gnomish Mines. On T:1287 you advanced to experience level 4. On T:1422 you advanced to experience level 5. On T:2170 you advanced to experience level 6. On T:3097 you opened a magic chest. On T:3103 you opened a magic chest. On T:3270 you reached level 6 of The Gnomish Mines. On T:3334 you advanced to experience level 7. On T:3938 you reached level 8 of The Gnomish Mines. On T:4242 you reached level 7 of The Gnomish Mines. On T:4405 you advanced to experience level 6. On T:5165 you advanced to experience level 7. On T:5278 you reached level 9 of The Gnomish Mines. On T:5278 you reached the bottom of the Mines. On T:5690 you advanced to experience level 8. On T:6439 you advanced to experience level 9. On T:6695 you opened a magic chest. On T:6696 you opened a magic chest. On T:6696 you opened a magic chest. On T:6699 you opened a magic chest. On T:6700 you opened a magic chest. On T:7214 you opened a magic chest. On T:7214 you opened a magic chest. On T:7220 you opened a magic chest. On T:7590 you opened a magic chest. On T:7592 you opened a magic chest. On T:7598 you opened a magic chest. On T:8363 you reached level 4 of The Dungeons of Doom. On T:8449 you reached level 5 of The Dungeons of Doom. On T:9111 you reached level 6 of The Dungeons of Doom. On T:9164 you reached level 7 of The Dungeons of Doom. On T:9264 you reached level 4 of Sokoban. On T:9813 you opened a magic chest. On T:9822 you reached level 3 of Sokoban. On T:10484 you reached level 2 of Sokoban. On T:11284 you reached level 1 of Sokoban. On T:12326 you entered the Sokoban zoo. On T:12415 you opened a magic chest. On T:12451 you opened a magic chest. On T:12452 you opened a magic chest. On T:12521 you opened a magic chest. On T:12882 you opened a magic chest. On T:13466 you opened a magic chest. On T:13652 you advanced to experience level 10. On T:13778 you reached level 8 of The Dungeons of Doom. On T:14210 you opened a magic chest. On T:14848 you reached level 9 of The Dungeons of Doom. On T:15031 you reached level 10 of The Dungeons of Doom. On T:15467 you reached level 11 of The Dungeons of Doom. On T:15488 you reached level 12 of The Dungeons of Doom. On T:16200 you reached level 13 of The Dungeons of Doom. On T:16274 you reached level 14 of The Dungeons of Doom. On T:17461 you opened a magic chest. On T:18093 you reached level 1 of The Quest. On T:19436 you advanced to experience level 11. On T:20026 you reached level 15 of The Dungeons of Doom. On T:20237 you reached level 16 of The Dungeons of Doom. On T:20457 you reached level 17 of The Dungeons of Doom. On T:20869 you reached level 18 of The Dungeons of Doom. On T:21826 you reached level 19 of The Dungeons of Doom. On T:21841 you reached level 21 of The Dungeons of Doom. On T:21982 you opened a magic chest. On T:22005 you opened a magic chest. On T:22008 you opened a magic chest. On T:22010 you opened a magic chest. On T:22012 you opened a magic chest. On T:22014 you opened a magic chest. On T:22871 you reached level 20 of The Dungeons of Doom. On T:23485 you advanced to experience level 12. On T:24039 you reached level 22 of The Dungeons of Doom. On T:24587 you reached level 23 of The Dungeons of Doom. On T:24770 you reached level 24 of The Dungeons of Doom. On T:26188 you opened a magic chest. On T:26189 you opened a magic chest. On T:26191 you opened a magic chest. On T:26193 you opened a magic chest. On T:27041 you killed Medusa on level 24 of The Dungeons of Doom. On T:27147 you reached level 25 of The Dungeons of Doom. On T:27695 you reached level 26 of The Dungeons of Doom. On T:27739 you reached level 27 of The Dungeons of Doom. On T:27760 you reached level 28 of The Dungeons of Doom. On T:27951 you wished for "blessed greased fireproof eye of the aethiopica". On T:28333 you reached The Castle. On T:28422 you opened a magic chest. On T:28423 you opened a magic chest. On T:28427 you opened a magic chest. Score breakdown: Gold: 0 ( 0 points) Experience: 12 levels ( 1100 points) Exploration: 29 levels ( 840 points) Discoveries: 80 items ( 2000 points) Variety of kills: 187 monsters ( 2000 points) Major goal: Sokoban/Mines ( 1500 points) Survival: died (score multiplied by 3) Total score: 22320 Latest messages: You are now wearing a ring of levitation. You start to float in the air! The incubus is hit by a rock! Wait! There's something there you can't see! You jab the jellyfish! The jellyfish is horribly wounded. You kill the jellyfish! Status of the island nymph (neutral): Level 10 HP 45(45) Def 12, invisible. The magic missile misses the invisible island nymph. You fall into the water! You sink like a rock. Your wand of teleportation rusts! Your darts rust! Your wand of teleportation rusts! Your wand of enlightenment rusts! You drown. The sack is empty. The sack is empty. Final status: Goodbye Tangles the Healer, drowned in a moat... You drowned in The Dungeons of Doom on dungeon level 24 with 22320 points, and 0 pieces of gold, after 29000 moves. You were level 12 with a maximum of 115 hit points when you drowned.